 Dungeon Crawl Stone Soup version 0.29.1-15-g9cfb28693d (webtiles) character file.

Game seed: 15733528512931736063

5 croobank the Firebug (level 1, -7/13 HPs)
             Began as a Demonspawn Fire Elementalist on Apr 19, 2023.
             Mangled by a worm (10 damage)
             ... on level 2 of the Dungeon.
             The game lasted 00:01:13 (134 turns).

croobank the Firebug (Demonspawn Fire Elementalist)  Turns: 134, Time: 00:01:14

Health: -7/13      AC:  2    Str:  8    XL:     1   Next: 66%
Magic:  0/3        EV: 12    Int: 16    God:
Gold:   13         SH:  0    Dex: 13    Spells: 3/4 levels left

rFire   . . .      SeeInvis .   b - +0 short sword
rCold   . . .      Faith    .   (no shield)
rNeg    . . .      Spirit   .   a - +0 robe
rPois   .          Reflect  .   (no helmet)
rElec   .          Harm     .   (no cloak)
rCorr   .          Rampage  .   (no gloves)
Will    .....                   (no boots)
Stlth   ++........              (no amulet)
HPRegen 0.04/turn               (no ring)
MPRegen 0.08/turn               (no ring)

@: no status effects
A: no striking features
a: no special abilities


You were on level 2 of the Dungeon.
You visited 1 branch of the dungeon, and saw 2 of its levels.

You collected 13 gold pieces.

Inventory:

Hand Weapons
 b - a +0 short sword (weapon)
Missiles
 e - 5 boomerangs
Armour
 a - a +0 robe (worn)
Scrolls
 c - a scroll of acquirement {unknown}
Potions
 d - a potion of curing {unknown}


   Skills:
 + Level 1.9 Dodging
 + Level 1.9 Stealth
 + Level 2.0 Spellcasting
 + Level 1.1 Conjurations
 + Level 2.7 Fire Magic


You had 3 spell levels left.
You knew the following spells:

 Your Spells              Type           Power      Damage    Failure   Level
a - Foxfire               Conj/Fire      28%        2x1d5     10%         1

Your spell library contained the following spells:

 Spells                   Type           Power      Damage    Failure   Level
 Scorch                   Fire           20%        2d6       10%         2
 Conjure Flame            Conj/Fire      7%         6-21      28%         3
 Inner Flame              Hex/Fire       6%         N/A       34%         3
 Flame Wave               Conj/Fire      7%         2d5       67%         4


Dungeon Overview and Level Annotations

Branches:
Dungeon (1/15)

Altars:


Message History

r - Retreat! s - Stop attacking. g - Guard the area. f - Follow me.
Anything else - Cancel.
Gang up on whom?
Press: ? - help, Dir - move target, f - worm
Aim: a worm (asleep, ally target) Attack!
The foxfire hits the worm.
The worm is lightly wounded.
The foxfire hits the worm.
The worm is moderately wounded.
Casting: Foxfire (safe; 10% risk of failure)
Confirm with . or Enter, or press ? or * to list all spells.
You conjure some foxfire!
A goblin comes into view. It is wielding a +1 dagger of venom.
The foxfire hits the worm.
The worm is heavily wounded.
The foxfire hits the worm.
The worm is heavily wounded.
You see here 5 boomerangs.
Casting: Foxfire (safe; 10% risk of failure)
Confirm with . or Enter, or press ? or * to list all spells.
You conjure some foxfire!
The foxfire hits the worm.
The worm is severely wounded.
The foxfire hits the worm.
The worm is almost dead.
You see here 5 boomerangs.
e - 5 boomerangs The worm bites you!
Ouch! That really hurt!
You hit the worm.
The worm is almost dead.
You hit the worm.
The worm is almost dead.
The goblin hits you with a +1 dagger of venom.
* * * LOW HITPOINT WARNING * * *
The worm bites you!
Ouch! That really hurt!
You die...

### ... .$###
######.#.# ...#...#.#
........#####
#....w....#
#(..g@....#
#.........# ..
#.........#
g....###.#####
###.#####.#
#......##.#
....#.##.#
#.#.#.##.####
.....#.##.#.........#


You could see a worm and a goblin.

Vanquished Creatures
  3 jackals (D:2)
  A kobold (D:2)
4 creatures vanquished.

Vanquished Creatures (collateral kills)
  A foxfire (D:2)
1 creature vanquished.

Vanquished Creatures (others)
  16 foxfires (D:2)
16 creatures vanquished.

Grand Total: 21 creatures vanquished

Notes
Turn   | Place    | Note
-------+----------+-------------------------------------------
     0 | D:1      | croobank the Demonspawn Fire Elementalist began the quest
                  | for the Orb.
     0 | D:1      | Reached XP level 1. HP: 13/13 MP: 3/3
    13 | D:1      | You fall into a shaft and drop 1 floor!
   134 | D:2      | Mangled by a worm

Illustrated notes

Levels and vault maps discovered:
D:1:      dpeg_arrival_refuge, layout_basic, nicolae_ecumenical_lake_church
D:2:      layout_basic, nicolae_elevator_lobby_plus, uniq_sigmund

Action                   || total
-------------------------++-------
Melee: Unarmed           ||     6
       Short sword       ||     2
 Cast: Foxfire           ||    12
  Use: Potion            ||     2
Armor: Robe              ||     4
Dodge: Dodged            ||    20
